 Dungeon Crawl Stone Soup version 0.23.1 (webtiles) character file.

Game seed: 3169857748963010868

37 Kairos the Sneak (level 3, -1/18 HPs)
             Began as a Vine Stalker Assassin on Mar 17, 2019.
             Slain by a gnoll
             ... wielding a +0 flail
              (9 damage)
             ... on level 1 of the Dungeon.
             The game lasted 00:03:07 (1677 turns).

Kairos the Sneak (Vine Stalker Assassin)            Turns: 1677, Time: 00:03:08

Health: -1/18      AC:  6    Str: 13    XL:     3   Next: 39%
Magic:  0/4        EV: 10    Int: 11    God:
Gold:   81         SH:  0    Dex: 16    Spells: 2/2 levels left

rFire    . . .     SeeInvis .   a - +2 dagger
rCold    . . .     Gourm    .   (no shield)
rNeg     . . .     Faith    .   n - +0 ring mail
rPois    .         Spirit   +   (no helmet)
rElec    .         Reflect  .   d - +0 cloak
rCorr    .         Harm     .   (no gloves)
MR       .....                  (no boots)
Stlth    +++.......             q - amulet of regeneration
HPRegen  0.46/turn              (no ring)
MPRegen  0.09/turn              (no ring)

@: no status effects
A: fangs 2, magic shield, antimagic bite, no potion heal 3, rot immunity
a: no special abilities


You were on level 1 of the Dungeon.
You were very hungry.

You visited 1 branch of the dungeon, and saw 2 of its levels.

You collected 81 gold pieces.

Inventory:

Hand Weapons
 a - a +2 dagger (weapon)
 b - a +0 blowgun
Missiles
 e - 8 poisoned needles
 f - 2 curare-tipped needles
 h - 4 tomahawks (quivered)
Armour
 c - a +0 robe
 d - a +0 cloak (worn)
 j - a +0 scale mail
 n - a +0 ring mail (worn)
Jewellery
 q - an amulet of regeneration (around neck)
Scrolls
 k - a scroll of fog {unknown}
 l - 2 scrolls of teleportation {unknown}
 o - 4 scrolls of identify {unknown}
Potions
 i - 2 potions of cancellation {unknown}
 m - a potion of curing {unknown}
 p - a potion of agility {unknown}
Comestibles
 g - 2 rations


   Skills:
 + Level 1.9 Fighting
 + Level 1.9 Short Blades
 + Level 2.0 Throwing
 + Level 0.7 Dodging
 + Level 6.0 Stealth


You had 2 spell levels left.
You didn't know any spells.
Your spell library was empty.

Dungeon Overview and Level Annotations

Branches:
Dungeon (2/15)

Altars:


Innate Abilities, Weirdness & Mutations

You have extremely sharp teeth.
When hurt, damage is shared between your health and your magic reserves.
Your bite disrupts and absorbs the magic of your enemies.
Potions cannot restore your health.
You are immune to rotting.


Message History

The gnoll is lightly wounded.
The gnoll closely misses you.
You hit the gnoll.
The gnoll is moderately wounded.
You closely miss the gnoll.
The gnoll is moderately wounded.
The gnoll completely misses you.
You hit the gnoll. You bite the gnoll, but do no damage.
The gnoll is heavily wounded.
The gnoll closely misses you.
You hit the gnoll. Your bite misses the gnoll.
The gnoll is severely wounded.
The gnoll hits you with a +0 flail!
You closely miss the gnoll.
The gnoll is severely wounded.
You barely miss the gnoll.
The gnoll is severely wounded.
The gnoll hits you with a +0 flail!
Ouch! That really hurt!
You die...

.# ############## .#
#)...........#
#####.##########.#
......# #.# ########
#.# .......# #.#
######.# #g# ..####.#
#g# ....##.# #@#####
#.#....#########.#...#
#.#..###.............#
#.#..###.#######.#...#
.>.......# #.##.##
#....##### #.##.#
.....# #.##.# #..###
#.##.# ...# #.##.#


You could see 2 gnolls.

Vanquished Creatures
  An ooze (D:1)
  A dart slug (D:1)
  A ball python (D:1)
  4 giant cockroaches
  5 goblins (D:1)
  2 hobgoblins (D:2)
  2 jackals (D:1)
  3 kobolds (D:1)
  A quokka (D:2)
  3 bats (D:1)
  A frilled lizard (D:1)
  3 rats
27 creatures vanquished.

Notes
Turn   | Place    | Note
-------+----------+-------------------------------------------
     0 | D:1      | Kairos the Vine Stalker Assassin began the quest for the
                  | Orb.
     0 | D:1      | Reached XP level 1. HP: 11/11 MP: 2/2
    16 | D:1      | Reached skill level 5 in Stealth
    70 | D:1      | Reached XP level 2. HP: 15/15 MP: 3/3
   863 | D:1      | Reached XP level 3. HP: 18/18 MP: 4/4
   981 | D:1      | Reached skill level 6 in Stealth
  1677 | D:1      | Slain by a gnoll

Skill      XL: |  1  2  3 |
---------------+----------+-----
Stealth        | 5 6 |  6.0
Throwing       | 2 |  2.0
Fighting       | |  1.9
Short Blades   | |  1.9
Dodging        | |  0.7

Action                   || total
-------------------------++-------
Melee: Dagger            ||    95
       Bite              ||    21
Throw: Tomahawk          ||     1
  Use: Scroll            ||     1
 Stab: Sleeping          ||     5
  Eat: Chunk             ||     1
Armor: Robe              ||     7
       Ring mail         ||    13
Dodge: Dodged            ||    33
